Map: Ever Dream LE

Players

PartinG

  • Race: Protoss Protoss
  • League: Master
  • Spawn Location: 7:00

Serral - Winner!

  • Race: Zerg Zerg
  • Spawn Location: 1:00

Event: War Chest Team League

VOD

Have the link to the VOD?

Description

Time

  • Played on: July 24, 2020, 6:53 a.m.
  • Length: 17:14
Show
View Real Time Build Order
Export as new Build Order

PartinG Protoss 

Build Orders: 1 Gate Expand, Mass Adepts 

Get SALT Encoding   

  12  0:00  Probe  
  13  0:12  Probe  
  14  0:17  Pylon  
  14  0:24  Probe  
  15  0:32  Probe  
  15  0:37  Gateway  
  15  0:40  Probe  
  16  0:47  Assimilator  
  17  0:51  Probe  
  18  1:03  Probe  
  19  1:15  Probe  
  20  1:22  Nexus  
  20  1:34  Cybernetics Core  
  20  1:35  Probe  
  21  1:40  Assimilator  
  21  1:47  Probe  
  21  1:51  Pylon  
  22  2:00  Probe  
  23  2:01  Stalker  
  23  2:10  Warp Gate, Probe  
  26  2:18  Probe  
  27  2:27  Probe  
  27  2:31  Twilight Council, Probe, Adept  
  31  2:39  Probe  
  31  2:40  Probe  
  33  2:50  Robotics Facility, Probe  
  33  2:53  Probe  
  35  2:59  Gateway  
  35  3:00  Resonating Glaives  
  35  3:04  Probe  
  35  3:05  Probe  
  37  3:13  Gateway  
  37  3:15  Gateway  
  37  3:22  Probe  
  37  3:24  Probe  
  39  3:27  Adept, Warp Prism  
  41  3:38  Probe  
  44  3:41  Pylon  
  44  3:42  Probe  
  44  3:46  Pylon  
  45  3:51  Probe  
  45  3:52  Pylon  
  46  4:01  Adept  
  48  4:04  Observer  
  48  4:06  Adept  
  48  4:07  Probe  
  48  4:08  Probe  
  48  4:09  Assimilator  
  53  4:16  Pylon  
  53  4:23  Probe x2  
  55  4:25  Adept x3  
  55  4:26  Adept  
  55  4:30  Assimilator  
  63  4:45  Adept  
  63  4:46  Adept x3  
  63  4:49  Probe x2  
  63  4:52  Pylon  
  73  4:54  Dark Shrine  
  73  5:06  Adept x2  
  77  5:09  Probe  
  77  5:11  Pylon  
  77  5:12  Adept x2  
  77  5:13  Blink  
  82  5:26  Probe x2  
  84  5:29  Pylon  
  84  5:32  Sentry  
  86  5:42  Nexus  
  86  5:44  Pylon  
  86  5:46  Immortal  
  86  5:47  Probe x2  
  86  5:49  Shield Battery  
  92  6:06  Shield Battery  
  92  6:07  Probe  
  92  6:08  Probe  
  92  6:09  Shield Battery  
  94  6:15  Dark Templar x2  
  98  6:20  Sentry x2  
  100  6:39  Immortal  
  98  6:42  Probe x2  
  98  6:43  Stalker x2  
  106  6:55  Probe x2  
  106  6:56  Probe  
  106  6:57  Sentry  
  111  7:03  Forge  
  111  7:04  Gateway  
  111  7:05  Gateway  
  111  7:11  Stalker  
  111  7:12  Stalker  
  111  7:15  Protoss Ground Weapons Level 1  
  109  7:17  Stalker  
  109  7:19  Probe x2  
  109  7:27  Stalker  
  99  7:34  Probe x3  
  102  7:41  Robotics Bay  
  102  7:43  Assimilator  
  102  7:44  Assimilator  
  102  7:47  Photon Cannon  
  102  7:48  Probe x3  
  105  7:58  Gateway x2  
  105  7:59  Sentry  
  105  8:00  Sentry  
  105  8:02  Probe  
  105  8:03  Photon Cannon, Probe x2  
  112  8:12  Stalker  
  112  8:13  Stalker x2  
  112  8:14  Probe  
  112  8:15  Probe x2  
  121  8:23  Stalker x2  
  121  8:43  Colossus  
  111  8:48  Stalker x3  
  111  8:49  Stalker x3  
  111  8:51  Extended Thermal Lance  
  117  8:55  Protoss Ground Weapons Level 2  
  117  9:10  Stalker x2  
  117  9:14  Shield Battery  
  117  9:15  Shield Battery  
  121  9:18  Stalker x2  
  121  9:23  Pylon  
  125  9:26  Pylon  
  125  9:28  Pylon  
  125  9:30  Pylon  
  125  9:32  Pylon  
  125  9:37  Stalker x3  
  125  9:47  Stalker x5  
  135  9:53  Pylon  
  135  9:55  Colossus  
  135  10:02  Probe x3  
  144  10:07  Sentry  
  145  10:18  Nexus  
  145  10:19  Adept  
  147  10:22  Sentry x2  
  147  10:27  Sentry  
  153  10:32  Sentry  
  153  10:43  Photon Cannon  
  153  10:47  Photon Cannon  
  153  10:48  Photon Cannon  
  153  10:53  Stalker x3, Colossus  
  153  10:54  Stalker x3  
  163  11:08  Protoss Ground Armor Level 1  
  161  11:14  Probe x2  
  161  11:15  Probe  
  164  11:21  Sentry  
  166  11:27  Sentry  
  166  11:31  Pylon  
  166  11:32  Pylon  
  168  11:33  Pylon  
  162  11:41  Observer  
  162  11:45  Stalker x6  
  173  11:55  Probe x3  
  173  12:00  Sentry x2  
  126  12:20  Stalker x4  
  126  12:21  Stalker x2  
  132  12:24  Probe  
  132  12:26  Sentry x2  
  132  12:29  Assimilator  
  137  12:30  Assimilator  
  137  12:32  Probe  
  138  12:50  Colossus  
  117  12:57  Stalker x4  
  117  12:58  Stalker x2  
  114  13:05  Probe x4  
  123  13:10  Robotics Facility  
  124  13:13  Charge  
  124  13:17  Probe x3  
  127  13:28  Templar Archives  
  127  13:29  Probe x3  
  127  13:32  Stalker x5  
  140  13:34  Zealot x3  
  140  13:36  Immortal  
  140  13:47  Immortal  
  122  14:09  Nexus  
  122  14:14  Pylon  
  122  14:18  High Templar x2  
  122  14:20  High Templar x2  
  122  14:23  Pylon, Archon  
  130  14:24  Archon  
  130  14:30  Immortal  
  130  14:31  Immortal, Nexus  
  133  14:45  Stalker x4  
  127  14:50  Probe x3  
  115  15:05  High Templar x2  
  117  15:11  Probe x3  
  117  15:13  Zealot x5  
  130  15:15  Nexus  
  130  15:16  Archon  
  130  15:17  Observer  
  131  15:27  Shield Battery x2  
  131  15:37  Unknown  
  131  15:41  Pylon  
  103  16:00  High Templar x4  
  100  16:11  Stalker  
  100  16:12  Stalker x3  
  105  16:32  Stalker x4  
  84  16:39  Stalker x3  
Show
View Real Time Build Order
Export as new Build Order

Serral Zerg - Winner!

Build Orders: Hatch First 

Get SALT Encoding   

  12  0:00  Drone  
  13  0:13  Overlord  
  13  0:17  Drone  
  14  0:32  Drone x2  
  16  0:47  Hatchery  
  15  0:51  Drone  
  15  0:54  Drone  
  17  0:57  Drone  
  18  1:08  Extractor  
  17  1:13  Spawning Pool  
  17  1:15  Drone  
  17  1:19  Drone  
  18  1:31  Drone  
  19  1:40  Drone  
  20  1:50  Overlord  
  20  1:59  Queen  
  20  2:00  Zergling x2, Queen  
  25  2:01  Zergling x2  
  26  2:11  Drone  
  26  2:12  Drone  
  28  2:21  Drone  
  29  2:23  Drone  
  30  2:34  Hatchery  
  30  2:36  Drone  
  30  2:38  Pneumatized Carapace  
  30  2:42  Drone  
  31  2:45  Overlord  
  31  2:47  Drone  
  32  2:53  Drone  
  32  2:54  Queen  
  32  2:57  Drone  
  36  3:05  Drone  
  37  3:06  Drone  
  37  3:07  Drone x2  
  37  3:11  Overlord  
  40  3:17  Drone  
  40  3:19  Drone  
  42  3:20  Metabolic Boost  
  42  3:29  Drone x2  
  42  3:32  Queen  
  46  3:36  Drone  
  46  3:37  Roach Warren  
  46  3:40  Drone x3  
  49  3:42  Extractor  
  49  3:44  Drone  
  49  3:46  Drone  
  50  3:51  Queen  
  50  3:54  Overlord  
  52  3:57  Zergling x6  
  55  4:05  Overlord, Evolution Chamber  
  55  4:06  Zergling x2  
  55  4:07  Zergling x2  
  56  4:13  Overlord  
  56  4:14  Zergling x4  
  58  4:19  Overlord  
  58  4:23  Roach  
  58  4:24  Roach  
  62  4:27  Roach  
  62  4:28  Roach  
  66  4:32  Roach  
  66  4:34  Roach  
  70  4:38  Roach  
  70  4:39  Roach x2  
  70  4:41  Roach  
  78  4:50  Lair, Overlord  
  78  4:53  Roach  
  78  4:56  Evolution Chamber  
  78  4:57  Roach  
  82  5:07  Overlord x2  
  82  5:12  Overlord  
  82  5:16  Evolution Chamber  
  82  5:19  Drone, Spore Crawler  
  81  5:24  Drone x7  
  86  5:30  Roach  
  88  5:36  Evolution Chamber  
  88  5:37  Drone x5, Zerg Missile Weapons Level 1  
  92  5:43  Overlord  
  92  5:44  Drone x3  
  92  5:48  Glial Reconstitution  
  96  5:52  Overseer  
  96  5:53  Overlord  
  96  5:54  Evolution Chamber  
  95  5:58  Extractor  
  95  5:59  Overlord  
  95  6:05  Roach x2  
  95  6:09  Evolution Chamber  
  98  6:11  Extractor  
  98  6:12  Drone x2  
  98  6:14  Drone x3  
  98  6:15  Baneling Nest, Drone x4  
  98  6:17  Drone  
  107  6:23  Overseer  
  107  6:26  Evolution Chamber  
  107  6:27  Drone  
  107  6:28  Drone  
  107  6:30  Drone  
  107  6:31  Drone x3  
  113  6:43  Extractor, Drone, Evolution Chamber  
  113  6:45  Drone x2  
  113  6:46  Drone x3  
  113  6:47  Overlord  
  116  6:49  Extractor  
  116  6:52  Roach x3  
  120  7:00  Centrifical Hooks, Evolution Chamber  
  119  7:04  Roach x2  
  119  7:07  Drone x2  
  119  7:08  Overlord  
  126  7:09  Drone  
  126  7:10  Drone  
  126  7:11  Drone x2  
  126  7:13  Overlord  
  126  7:16  Roach x2  
  126  7:22  Hatchery  
  124  7:23  Drone x2  
  115  7:31  Zerg Melee Weapons Level 1, Overlord  
  115  7:38  Drone  
  115  7:39  Zergling x20  
  115  7:40  Overseer, Evolution Chamber  
  115  7:44  Drone  
  126  7:47  Ravager x6  
  126  7:48  Zergling x2  
  133  7:56  Drone  
  133  7:57  Infestation Pit  
  133  7:58  Drone  
  134  8:00  Zergling x2, Drone, Spore Crawler  
  134  8:01  Zergling x4  
  134  8:04  Baneling x6  
  137  8:11  Zergling x14  
  144  8:15  Zerg Missile Weapons Level 2  
  144  8:21  Drone x3, Unknown  
  144  8:23  Baneling x4  
  146  8:30  Zergling x10  
  148  8:36  Queen  
  148  8:38  Drone, Hive  
  148  8:39  Drone  
  148  8:40  Baneling x4  
  150  8:42  Zergling x8  
  150  8:47  Zergling x8  
  144  8:55  Drone  
  144  8:56  Drone x3  
  148  9:06  Drone x6, Spore Crawler  
  153  9:10  Baneling  
  153  9:11  Baneling x11  
  151  9:18  Zergling x2  
  151  9:19  Overlord  
  151  9:20  Overlord x2  
  152  9:24  Baneling  
  152  9:25  Baneling x7  
  148  9:36  Zergling x10  
  152  9:42  Hatchery, Drone x4  
  152  9:43  Drone x2  
  152  9:44  Zergling x2  
  152  9:45  Zergling x2  
  158  9:51  Overlord, Zerg Melee Weapons Level 2  
  158  9:56  Zergling x2  
  158  9:57  Zergling x8  
  159  10:04  Overseer  
  159  10:07  Overlord x3  
  159  10:10  Viper x2  
  159  10:12  Zergling x4  
  167  10:14  Overlord  
  167  10:18  Overlord  
  167  10:27  Drone x4  
  167  10:28  Drone  
  172  10:29  Zergling x20  
  172  10:35  Zerg Ground Armor Level 1  
  180  10:40  Zergling x16  
  180  10:42  Overseer  
  186  10:56  Zergling x30  
  189  11:02  Ultralisk Cavern  
  183  11:06  Spore Crawler  
  183  11:07  Spine Crawler, Drone x4  
  182  11:11  Zergling x6  
  182  11:12  Zergling x6  
  182  11:14  Overseer  
  182  11:18  Baneling x14  
  188  11:32  Zergling x6  
  187  11:33  Zergling x26  
  187  11:39  Baneling  
  196  11:40  Baneling  
  196  11:41  Baneling x13  
  196  11:42  Baneling  
  196  11:43  Overlord x2  
  196  11:44  Overlord  
  194  11:47  Overlord  
  194  11:51  Chitinous Plating  
  194  11:53  Drone  
  195  11:55  Ravager x3  
  195  11:58  Baneling x6  
  195  12:01  Baneling x25  
  193  12:14  Zergling x32  
  175  12:24  Baneling x6  
  175  12:27  Ultralisk x2  
  187  12:33  Hatchery  
  187  12:37  Baneling x8, Ravager x6  
  184  12:47  Zergling x28  
  187  12:53  Zergling x14  
  187  13:09  Baneling, Anabolic Synthesis  
  187  13:10  Baneling x5  
  187  13:11  Baneling x10  
  187  13:18  Zergling x28  
  199  13:26  Baneling x9  
  197  13:31  Zerg Ground Armor Level 2  
  197  13:32  Zerg Melee Weapons Level 3  
  194  13:38  Zergling x10  
  194  13:39  Zergling x12  
  186  13:54  Zergling x48  
  199  14:06  Baneling x5  
  199  14:07  Baneling x9  
  195  14:21  Baneling x10, Hatchery  
  189  14:33  Baneling x8  
  189  14:36  Ultralisk, Zergling x16  
  198  14:43  Infestor x3  
  198  14:44  Infestor, Overlord  
  192  14:45  Neural Parasite  
  192  14:50  Infestor x2  
  192  14:51  Baneling x4  
  186  14:54  Extractor x2  
  186  14:55  Drone x4  
  186  14:56  Drone x2  
  186  14:57  Zergling x12  
  186  14:58  Zergling x10  
  190  15:00  Zergling x6  
  193  15:10  Overseer  
  193  15:14  Overseer  
  193  15:16  Baneling x14  
  193  15:26  Zergling x2  
  193  15:27  Zergling x10  
  193  15:28  Hatchery, Spire  
  197  15:40  Drone x3  
  189  15:57  Ultralisk x2, Zergling x8  
  189  16:02  Baneling x2  
  189  16:03  Baneling x19  
  199  16:11  Zergling x10  
  198  16:24  Zergling x8  
  176  16:39  Zergling x42  
  200  16:42  Baneling x10  
  200  16:46  Zergling x6  
  194  16:55  Overseer x3  
  194  17:00  Extractor x2  
  196  17:02  Drone x3  
Tags
 
Add a new tag
Caveats
  • Supply blocks, unpowered buildings, or Contaminate may cause inaccurate times.
  • Supply counts are checked every 10 seconds.